 Dungeon Crawl Stone Soup version 0.24.0-35-gdb84b6a5db (webtiles) character file.

Game seed: 7215628223586335676, levelgen mode: deterministic

168 Flugslaktarn the Chopper (level 5, -1/47 HPs)
             Began as a Minotaur Monk on Nov 17, 2019.
             Slain by a bullfrog (5 damage)
             ... on level 2 of the Dungeon.
             The game lasted 00:01:33 (3005 turns).

Flugslaktarn the Chopper (Minotaur Monk)            Turns: 3005, Time: 00:01:33

Health: -1/47      AC: 11    Str: 17    XL:     5   Next: 23%
Magic:  4/4        EV:  6    Int:  7    God:
Gold:   156        SH:  0    Dex: 12    Spells: 4/4 levels left

rFire    . . .     SeeInvis .   a - +0 hand axe
rCold    . . .     Gourm    .   (no shield)
rNeg     . . .     Faith    .   m - +0 plate armour
rPois    .         Spirit   .   (helmet restricted)
rElec    .         Reflect  .   (no cloak)
rCorr    .         Harm     .   (no gloves)
MR       .....                  (no boots)
Stlth    ..........             (no amulet)
HPRegen  0.15/turn              (no ring)
MPRegen  0.09/turn              (no ring)

@: no status effects
A: retaliatory headbutt, horns 2
a: no special abilities


You were on level 2 of the Dungeon.
You were hungry.

You visited 1 branch of the dungeon, and saw 3 of its levels.

You collected 156 gold pieces.

Inventory:

Hand Weapons
 a - a +0 hand axe (weapon)
Armour
 b - a +0 robe
 l - a +0 large shield
   (You found it on level 1 of the Dungeon)
 m - a +0 plate armour (worn)
   (You found it on level 1 of the Dungeon)
Jewellery
 n - an uncursed ring of resist corrosion {unknown}
   (You found it on level 1 of the Dungeon)
 p - an uncursed amulet of guardian spirit {unknown}
   (You found it on level 2 of the Dungeon)
 r - a +5 ring of protection {unknown}
   (You found it on level 2 of the Dungeon)
Scrolls
 c - a scroll of immolation {unknown}
 h - a scroll of fear {unknown}
 i - 3 scrolls of teleportation {unknown}
 k - 3 scrolls of identify {unknown}
 o - a scroll of remove curse {unknown}
 s - a scroll of amnesia {unknown}
 t - a scroll of blinking {unknown}
Potions
 d - a potion of brilliance {unknown}
 f - 3 potions of might {unknown}
 g - a potion of curing {unknown}
 j - 4 potions of mutation {unknown}
 q - a potion of haste {unknown}
 u - a potion of heal wounds {unknown}
Comestibles
 e - 6 rations
 v - a chunk of flesh


   Skills:
 + Level 4.5 Fighting
 * Level 5.5 Axes
 + Level 2.5 Armour
 - Level 3.2 Dodging
 - Level 1.5 Stealth
 + Level 1.9 Shields


You had 4 spell levels left.
You didn't know any spells.
Your spell library was empty.

Dungeon Overview and Level Annotations

Branches:
Dungeon (3/15)

Altars:
Dithmenos
Qazlal

Annotations:
D:3 Sigmund


Innate Abilities, Weirdness & Mutations

You reflexively headbutt those who attack you in melee.
You have a pair of horns on your head.


Message History

There is a stone staircase leading down here.
Unknown command.
Unknown command.
You miss the bullfrog. You headbutt the bullfrog.
The bullfrog is moderately wounded.
The bullfrog hits you but does no damage.
You hit the bullfrog but do no damage.
The bullfrog is moderately wounded.
The bullfrog hits you.
* * * LOW HITPOINT WARNING * * *
The bullfrog hits you but does no damage.
You slash the bullfrog!
The bullfrog is severely wounded.
The bullfrog hits you but does no damage.
You closely miss the bullfrog.
The bullfrog is severely wounded.
The bullfrog hits you.
* * * LOW HITPOINT WARNING * * *
The bullfrog hits you.
You die...

#.# #.# #.# #.. #.#
#.# #.########÷. #.#
#.#####.##.((...†. #.#
#.......##.######. #.#
#.########.# #. #.#
#.# #.# #. #.# #.# #.#
#### #.#
#.########.####...
#.###@)...............
#.#(.÷F........##...##
#.#.#############.####
#.#.<#..........#.....
#.#..#.########.#####.
#.#..#.#......)...)...
#.####.#.######.......
#.# #.#.....##.......
#.# #.#####.##.......


You could see a bullfrog.

Vanquished Creatures
  An orc wizard (D:3)
  An orc priest (D:2)
  2 adders
  An ooze (D:2)
  3 worms (D:2)
  4 dart slugs
  3 leopard geckos
  2 orcs
  4 ball pythons
  2 giant cockroaches (D:2)
  10 goblins
  6 hobgoblins
  A quokka (D:2)
  6 bats
  3 frilled lizards
  11 kobolds
  8 rats
68 creatures vanquished.

Notes
Turn   | Place    | Note
-------+----------+-------------------------------------------
     0 | D:1      | Flugslaktarn the Minotaur Monk began the quest for the Orb.
     0 | D:1      | Reached XP level 1. HP: 19/19 MP: 0/0
   326 | D:1      | Reached skill level 4 in Axes
   331 | D:1      | Reached XP level 2. HP: 24/27 MP: 1/1
   403 | D:1      | Reached skill level 1 in Armour
  1084 | D:1      | Reached XP level 3. HP: 33/33 MP: 2/2
  1539 | D:2      | Found a stormy altar of Qazlal.
  1873 | D:2      | Reached skill level 1 in Shields
  1945 | D:2      | Reached XP level 4. HP: 30/40 MP: 3/3
  2354 | D:2      | Reached skill level 5 in Axes
  2593 | D:3      | Found a shadowy altar of Dithmenos.
  2596 | D:3      | Noticed Sigmund
  2692 | D:3      | Reached XP level 5. HP: 23/47 MP: 4/4
  3005 | D:2      | Slain by a bullfrog

Levels and vault maps discovered:
D:1:      minmay_arrival_doors, layout_basic, minmay_bisected
D:2:      layout_basic, grunt_qazlal_clouds
D:3:      layout_rooms, grunt_dithmenos_smoke, gammafunk_ghost_grave,
          uniq_sigmund, uniq_crazy_yiuf_cottage

Skill      XL: |  1  2  3  4 |
---------------+-------------+-----
Axes           | 4 5 |  5.5
Armour         | 1 2 |  2.5
Fighting       | 4 |  4.5
Shields        | 1 |  1.9
Dodging        | |  3.2
Stealth        | |  1.5

Action                   |  1- 3 |  4- 6 || total
-------------------------+-------+-------++-------
Melee: Hand axe          |   104 |    80 ||   184
       Headbutt          |    18 |    12 ||    30
 Stab: Sleeping          |     1 |       ||     1
  Eat: Chunk             |     3 |     3 ||     6
Armor: Robe              |     4 |       ||     4
       Plate armour      |    35 |    95 ||   130
Dodge: Dodged            |    34 |    28 ||    62
Block: Large shield      |    14 |       ||    14
